 Dungeon Crawl Stone Soup version 0.29.1-15-g9cfb28693d (webtiles) character file.

Game seed: 17309534073728186427

11368 bmack86 the Severer (level 11, -6/88 HPs)
             Began as a Minotaur Fighter on Apr 2, 2024.
             Was a High Priest of Okawaru.
             Mangled by a three-headed hydra simulacrum (8 damage)
             ... in an ice cave.
             The game lasted 00:24:07 (14218 turns).

bmack86 the Severer (Minotaur Fighter)             Turns: 14218, Time: 00:24:09

Health: -6/88      AC: 19    Str: 25    XL:     11   Next: 48%
Magic:  14/16      EV:  8    Int: 11    God:    Okawaru [*****.]
Gold:   702        SH:  6    Dex: 10    Spells: 10/10 levels left

rFire   . . .      SeeInvis .   a - +1 war axe
rCold   . . .      Faith    .   c - +0 buckler
rNeg    . . .      Spirit   .   m - +0 plate armour
rPois   .          Reflect  .   (helmet restricted)
rElec   .          Harm     .   (no cloak)
rCorr   +          Rampage  .   j - +2 pair of gloves
Will    .....                   e - +0 pair of boots
Stlth   ..........              (no amulet)
HPRegen 0.24/turn               y - ring of resist corrosion
MPRegen 0.15/turn               z - +6 ring of intelligence

@: heroic, studying Staves
A: horns 2, retaliatory headbutt
a: Renounce Religion, Heroism, Finesse, Duel


You were in an ice cave.
You worshipped Okawaru.
Okawaru was extremely pleased with you.
You visited 2 branches of the dungeon, and saw 12 of its levels.
You also visited: Sewer and Ice Cave.

You collected 702 gold pieces.

Inventory:

Hand Weapons
 a - a +1 war axe (weapon)
Missiles
 b - a curare-tipped dart
 p - 2 javelins (quivered)
 w - 3 throwing nets
 x - 7 boomerangs
Armour
 c - a +0 buckler (worn)
 e - a +0 pair of boots (worn)
 j - a +2 pair of gloves (worn)
 m - a +0 plate armour (worn)
 I - a +0 kite shield
Jewellery
 y - a ring of resist corrosion (left hand)
 z - a +6 ring of intelligence (right hand)
 G - a ring of ice
Wands
 l - a wand of acid (18)
 v - a wand of paralysis (11)
 D - a wand of flame (53)
 J - a wand of roots (8)
Scrolls
 g - a scroll of blinking
 k - a scroll of teleportation
 o - a scroll of amnesia
 t - a scroll of fear
 B - a scroll of poison
 H - a scroll of enchant weapon
 K - a scroll of immolation
Potions
 d - 2 potions of mutation
 f - a potion of lignification
 h - 5 potions of curing
 n - a potion of flight
 q - a potion of haste
 r - 3 potions of magic
 s - a potion of resistance
 u - 2 potions of attraction
 A - a potion of ambrosia
 C - 5 potions of brilliance
 E - 2 potions of invisibility
 F - a potion of might


   Skills:
 * Level 5.5(10.5) Fighting
 - Level 18.0(23.0) Axes
 + Level 2.1(7.1) Throwing
 + Level 4.6(9.6) Armour
 * Level 5.5(10.5) Shields
 - Level 8.0 Invocations


You had 10 spell levels left.
You didn't know any spells.
Your spell library contained the following spells:

 Spells                   Type           Power      Damage    Failure   Level
 Apportation              Tloc           0%         N/A       99%         1
 Ensorcelled Hibernation  Hex/Ice        0%         N/A       100%        2
 Passwall                 Tmut/Erth      0%         N/A       100%        2
 Swiftness                Air            0%         N/A       100%        3


Dungeon Overview and Level Annotations

Branches:
Dungeon (11/15)            Temple (1/1) D:5            Lair (0/5) D:9
    Orc (0/2) D:10          Sewer (visited)           IceCv (1/1)

Altars:
Ashenzari
Cheibriados
Dithmenos
Elyvilon
Gozag
Hepliaklqana
Kikubaaqudgha
Makhleb
Nemelex Xobeh
Okawaru
Qazlal
Ru
Trog
Uskayaw
Vehumet
Wu Jian
Xom
Yredelemnul
Zin
The Shining One


Innate Abilities, Weirdness & Mutations

You have a pair of horns on your head.
You reflexively headbutt those who attack you in melee.


Message History

You hit the cane toad simulacrum. You headbutt the cane toad simulacrum.
The cane toad simulacrum vaporises!
Okawaru accepts your kill.
You barely miss the spriggan simulacrum.
The spriggan simulacrum barely misses you.
You barely miss the spriggan simulacrum.
Your headbutt misses the spriggan simulacrum.
You barely miss the spriggan simulacrum.
You slash the ice devil!
The spriggan simulacrum closely misses you.
You block the ice devil's attack.
You closely miss the ice devil. Your headbutt misses the ice devil.
The ice devil is moderately wounded.
You slice the spriggan simulacrum!!
The spriggan simulacrum vaporises!
Okawaru accepts your kill.
The ice devil hits you but does no damage.
You barely miss the ice devil.
The ice devil is moderately wounded.
You hit the ice devil. Your headbutt misses the ice devil.
The ice devil is moderately wounded.
The ice devil hits you. The ice devil freezes you!!
A three-headed hydra simulacrum comes into view.
You slash the ice devil!
The ice devil is heavily wounded.
The ice devil hits you. The ice devil freezes you!
You slash the ice devil! Your headbutt misses the ice devil.
The ice devil is severely wounded.
The ice devil barely misses you.
You slash the ice devil! Your headbutt misses the ice devil.
The ice devil is almost dead.
You hit the three-headed hydra simulacrum but do no damage.
You gain the combat prowess of a mighty hero.
The ice devil hits you but does no damage.
The three-headed hydra simulacrum bites you.
The three-headed hydra simulacrum freezes you!!!
* * * LOW HITPOINT WARNING * * *
The three-headed hydra simulacrum completely misses you.
The three-headed hydra simulacrum bites you!
You die...

.. ... .... ####
....### ######..##
.....#. ##..##....##
.......###..........#
.......Z#.......∩.∩.#
#4@..##.......#
##..#####....## ####
##..## ####


You could see an ice devil and a three-headed hydra simulacrum.

Vanquished Creatures
  Harold (D:9)
  2 two-headed ogres
  A manticore (D:10)
  2 trolls
  Sigmund (D:3)
  2 shadows (D:10)
  14 yaks
  5 wyverns
  3 wraiths
  A basilisk (D:9)
  2 steam dragons (D:8)
  5 water moccasins
  An acid dragon (D:8)
  4 orc warriors
  2 black bears
  An ice beast (D:5)
  2 ogres
  4 centaurs
  2 kobold brigands
  A phantom (D:5)
  4 bullfrogs
  3 gnoll sergeants
  2 necrophages
  A two-headed ogre simulacrum (D:11)
  5 scorpions
  A cane toad simulacrum (IceCv)
  6 wights
  An elephant simulacrum (IceCv)
  A vampire bat (D:8)
  3 howler monkeys
  9 orc priests
  2 hounds
  3 iguanas
  7 orc wizards
  A troll simulacrum (D:11)
  4 spriggan simulacra
  12 gnolls
  18 adders
  12 river rats
  2 naga simulacra (IceCv)
  4 white imps
  2 ufetubi
  2 worms
  2 dart slugs
  40 orcs
  16 ball pythons
  4 bat skeletons (D:8)
  8 endoplasms
  3 giant cockroaches
  8 goblins
  7 hobgoblins
  7 jackals
  11 quokkas
  4 bats
  6 frilled lizards
  20 kobolds
  45 rats
342 creatures vanquished.

Vanquished Creatures (others)
  5 bushes (D:9)
  6 fungi (D:9)
  16 plants (D:9)
27 creatures vanquished.

Grand Total: 369 creatures vanquished

Notes
Turn   | Place    | Note
-------+----------+-------------------------------------------
     0 | D:1      | bmack86 the Minotaur Fighter began the quest for the Orb.
     0 | D:1      | Reached XP level 1. HP: 19/19 MP: 0/0
    78 | D:1      | Reached XP level 2. HP: 26/26 MP: 1/1
   330 | D:1      | Reached skill level 3 in Axes
   428 | D:1      | Found a faded altar of an unknown god.
   451 | D:1      | Got Plato's Grimoire of the Traveller
   521 | D:1      | Reached XP level 3. HP: 28/31 MP: 2/2
   837 | D:2      | Reached skill level 5 in Shields
  1047 | D:2      | Reached skill level 4 in Axes
  1047 | D:2      | Reached XP level 4. HP: 39/39 MP: 3/3
  1577 | D:3      | Noticed Sigmund
  1602 | D:3      | Killed Sigmund
  1603 | D:3      | Reached skill level 6 in Axes
  1603 | D:3      | Reached XP level 5. HP: 9/45 MP: 4/4
  1603 | D:3      | Reached XP level 6. HP: 10/51 MP: 5/5
  1661 | D:3      | Found a glowing drain.
  1738 | Sewer    | Entered a sewer
  1858 | Sewer    | Reached skill level 7 in Axes
  2177 | Sewer    | Reached skill level 8 in Axes
  2178 | Sewer    | Reached XP level 7. HP: 46/57 MP: 6/6
  2454 | D:3      | Found a glowing golden altar of the Shining One.
  3582 | D:4      | Found a white marble altar of Elyvilon.
  3672 | D:4      | Reached skill level 9 in Axes
  4051 | D:4      | Reached skill level 10 in Axes
  4285 | D:4      | Found a hazy altar of Hepliaklqana.
  4482 | D:5      | Entered Level 5 of the Dungeon
  4482 | D:5      | Noticed a wyvern
  4646 | D:5      | Reached XP level 8. HP: 21/64 MP: 7/7
  4655 | D:5      | Reached skill level 11 in Axes
  5326 | D:5      | Found an opulent altar of Gozag.
  5356 | D:5      | Found a shadowy altar of Dithmenos.
  5378 | D:5      | Reached skill level 12 in Axes
  5880 | D:5      | Found a staircase to the Ecumenical Temple.
  5893 | Temple   | Entered the Ecumenical Temple
  5990 | Temple   | Became a worshipper of Warmaster Okawaru
  6192 | D:6      | Reached skill level 13 in Axes
  6216 | D:6      | Found a hide-covered altar of Uskayaw.
  6234 | D:6      | Reached skill level 1 in Invocations
  6243 | D:6      | Reached XP level 9. HP: 16/70 MP: 7/9
  7029 | D:6      | Found a bloodstained altar of Trog.
  7042 | D:6      | Reached * piety under Okawaru
  7043 | D:6      | Reached skill level 14 in Axes
  7047 | D:6      | Found an ornate altar of the Wu Jian Council.
  8931 | D:8      | Reached skill level 15 in Axes
  8949 | D:7      | Reached ** piety under Okawaru
  8951 | D:7      | Reached skill level 5 in Invocations
  8951 | D:7      | Reached XP level 10. HP: 22/77 MP: 12/12
  9600 | D:8      | Reached skill level 16 in Axes
  9888 | D:8      | Found a glowing silver altar of Zin.
 10201 | D:8      | Found an ancient bone altar of Kikubaaqudgha.
 10412 | D:9      | Found a broken altar of Ashenzari.
 10439 | D:9      | Reached *** piety under Okawaru
 10460 | D:9      | Noticed Harold
 10764 | D:9      | Noticed a two-headed ogre
 10774 | D:9      | Killed a two-headed ogre
 11224 | D:9      | Reached skill level 17 in Axes
 11237 | D:9      | Reached **** piety under Okawaru
 11247 | D:9      | Killed Harold
 11248 | D:9      | Reached XP level 11. HP: 63/82 MP: 15/15
 11262 | D:9      | Found a staircase to the Lair.
 12174 | D:10     | Entered Level 10 of the Dungeon
 12681 | D:10     | Noticed a two-headed ogre
 12690 | D:10     | Killed a two-headed ogre
 12691 | D:10     | Reached skill level 18 in Axes
 12872 | D:10     | Reached ***** piety under Okawaru
 13156 | D:10     | Reached skill level 1 in Throwing
 13604 | D:10     | Found a staircase to the Orcish Mines.
 13781 | D:10     | Reached skill level 5 in Fighting
 14037 | D:11     | Found a frozen archway.
 14182 | IceCv    | Entered an ice cave
 14218 | IceCv    | HP: 2/88 [three-headed hydra simulacrum (36)]
 14218 | IceCv    | Mangled by a three-headed hydra simulacrum

Illustrated notes

Levels and vault maps discovered:
D:1:      dpeg_arrival_round_b, layout_loops_cross,
          shapermc_ecumenical_altar_rom_forum
D:2:      layout_rooms, serial_rivers, chequers_serial_rivers_micro_b,
          chequers_serial_rivers_room_b, chequers_serial_rivers_marsh,
          chequers_serial_rivers_micro_a, chequers_serial_rivers_micro_d,
          chequers_serial_rivers_small_3
D:3:      layout_basic, tso_oasis_becter, gup_sewer_entry_glass, uniq_sigmund
D:4:      layout_basic, elyvilon_altar_5, nicolae_hepliaklqana_hippocampus
D:5:      lemuel_ratsnest, layout_cave_pods, nicolae_dithmenos_shadow_blocks,
          nicolae_gozag_seed_capital, minmay_temple_entry_trees
D:6:      layout_basic, mainiacjoe_overflow_catwalk, jmf_multi_god_temple,
          abandoned_shop
D:7:      layout_basic
D:8:      layout_basic, zin_academy, kennysheep_vampire_church,
          grunt_ministairs_1
D:9:      layout_loops_corners, ashenzari_conservatory_becter,
          minmay_lair_entry_grove, minmay_misc_feat_five,
          nicolae_elevator_lobby_plus, uniq_harold
D:10:     layout_gridville, hiddenorc1_lemuel, roderic_lattice_a
D:11:     layout_rooms, portal_ice_cave_entry_ice_simulacra,
          chequers_serial_rivers_small_a, uniq_lodul, uniq_urug
Temple:   bh_familiar_temple
IceCv:    ice_cave_small_demon

Skill      XL: |  1  2  3  4  5  6  7  8  9 10 11 |
---------------+----------------------------------+-----
Shields        | 4 5 |  5.5
Axes           | 3 4 6 8 10 13 15 17 18 | 18.0
Invocations    | 1 5 7 8 |  8.0
Fighting       | 5 |  5.5
Throwing       | 2 |  2.1
Armour         | 4 |  4.6

Action                   |  1- 3 |  4- 6 |  7- 9 | 10-12 || total
-------------------------+-------+-------+-------+-------++-------
Melee: War axe           |    77 |   110 |   348 |   282 ||   817
       Headbutt          |     8 |    16 |    54 |    57 ||   135
Throw: Javelin           |       |       |     1 |     2 ||     3
Invok: Heroism           |       |       |     1 |     8 ||     9
       Finesse           |       |       |       |     2 ||     2
  Use: Scroll            |       |     6 |    16 |     7 ||    29
       Potion            |       |     1 |     3 |     3 ||     7
Armor: Scale mail        |    45 |     7 |       |       ||    52
       Plate armour      |       |   124 |   216 |   172 ||   512
Dodge: Dodged            |    38 |    47 |   117 |    80 ||   282
Block: Buckler           |    22 |    37 |    69 |    60 ||   188
